 Dungeon Sprint DCSS version 0.29-a0-824-gd827844252 (webtiles) character file.

Game seed: 6979731500385466261

272707 mhtbhm the Ninja (level 19, -3/151 HPs)
             Began as a Kobold Berserker on July 10, 2022.
             Was a High Priest of Trog.
             Killed from afar by Dispater (36 damage)
             ... with damnation
             ... in the Dungeon (Sprint III: "The Ten Rune Challenge").
             The game lasted 00:53:24 (10545 turns).

mhtbhm the Ninja (Kobold Berserker)                Turns: 10545, Time: 00:53:25

Health: -3/151     AC: 40    Str: 19    XL:     19   Next: 22%
Magic:  19/19      EV: 42    Int:  8    God:    Trog [*****.]
Gold:   2300       SH: 19    Dex: 20    Spells: 18/18 levels left

rFire   + + +      SeeInvis +   Y - +5 quick blade (vorpal)
rCold   . . .      Faith    .   e - +2 kite shield {AC+3}
rNeg    + + +      Spirit   .   y - +6 chain mail "Moixon" {rElec rF+++ Int-2 Slay-5}
rPois   +          Reflect  .   x - +1 hat
rElec   +          Harm     .   i - +2 cloak of Vuom {Rampage Fly Int-5}
rCorr   .          Rampage  ∞   l - +2 pair of gloves {Stlth+}
Will    +....      NoTele   +   U - +3 pair of seven-league boots {Rampage+∞}
Stlth   +++++++++.              w - amulet "Caizeatz" {Acrobat rN+ Regen+}
HPRegen 1.15/turn               M - ring of Geinedigo {rPois rN++ Str+3 Int+6}
MPRegen 0.16/turn               G - ring of see invisible

@: on berserk cooldown, acrobatic, flying, slowed, studying 2 skills, very slow
A: small, no large weapons, nightstalker 3
}: 5/10 runes: serpentine, barnacled, silver, golden, bone
a: Renounce Religion, Berserk, Trog's Hand, Brothers in Arms


You were in the Dungeon.
You worshipped Trog.
Trog was extremely pleased with you.
You visited 1 branch You collected 7910 gold pieces.
You spent 5610 gold pieces at shops.

Inventory:

Hand Weapons
 a - a +6 quick blade of flaming
 B - the +7 lajatang of Order {silver, rMut}
   (You acquired it in the Dungeon)

   It inflicts extra damage upon those it strikes, and deals substantially
   increased damage to chaotic, mutated and magically transformed beings.
   rMut:      It protects you from mutation.
 J - a +3 trishula of holy wrath
 Y - a +5 vorpal quick blade (weapon)
Missiles
 t - 5 curare-tipped darts (quivered)
 H - 5 datura-tipped darts
 I - 5 atropa-tipped darts
Armour
 b - the +3 leather armour of Kikubaaqudgha, Flying {Dex+4 Slay+5}
   (You bought it in a shop in the Dungeon)

   Dex:       It affects your dexterity (+4).
   Slay:      It affects your accuracy & damage with ranged weapons and melee
   (+5).
 d - the +4 dragonskin cloak
   (You took it off Tiamat in the Dungeon)

   It grants the wearer a chance to resist fire, cold, poison, electricity,
   acid, and negative energy.
 e - a +2 kite shield of protection (worn)
 i - the +2 cloak of Vuom (worn) {Rampage Fly Int-5}
   (You bought it in a shop in the Dungeon)

   Int:       It affects your intelligence (-5).
   Fly:       It grants you flight.
   Rampage:   It bestows one free step when moving towards enemies.
 l - a +2 pair of gloves of stealth (worn)
 r - a +1 cloak of preservation
 x - a +1 hat (worn)
 y - the +6 chain mail "Moixon" (worn) {rElec rF+++ Int-2 Slay-5}
   (You found it in the Dungeon)

   Int:       It affects your intelligence (-2).
   Slay:      It affects your accuracy & damage with ranged weapons and melee
   (-5).
   rF:        It renders you almost immune to fire.
   rElec:     It insulates you from electricity.
 D - the +3 pair of mountain boots {steadfast, rC+}
   (You bought it in a shop in the Dungeon)

   It prevents involuntary movement, except for blinking, teleportation, or
   banishment.
   rC:        It protects you from cold.
 U - the +3 pair of seven-league boots (worn) {Rampage+∞}
   (You found it in the Dungeon)

   Its wearer moves as far as possible in that direction when moving towards
   enemies.
Jewellery
 q - the amulet "Xicycvan" {Acrobat Contam rPois Will+ Slay+3}
   (You took it off a royal mummy in the Dungeon)

   [amulet of the acrobat]

   It increases your evasion while moving and waiting.
   Slay:      It affects your accuracy & damage with ranged weapons and melee
   (+3).
   rPois:     It protects you from poison.
   Contam:    It causes magical contamination when unequipped.
   Will:      It increases your willpower.
 w - the amulet "Caizeatz" (around neck) {Acrobat rN+ Regen+}
   (You bought it in a shop in the Dungeon)

   [amulet of the acrobat]

   It increases your evasion while moving and waiting.
   rN:        It protects you from negative energy.
   Regen:     It increases your rate of health regeneration.
 C - the ring "Heneollu" {rPois Str+6 Dex+4}
   (You acquired it in the Dungeon)

   [ring of strength]

   Str:       It affects your strength (+6).
   Dex:       It affects your dexterity (+4).
   rPois:     It protects you from poison.
 G - a ring of see invisible (right hand)
 L - the ring of Tapp {*Corrode rPois rC+ MP+9 Int+3}
   (You found it in the Dungeon)

   [ring of poison resistance]

   Int:       It affects your intelligence (+3).
   rC:        It protects you from cold.
   rPois:     It protects you from poison.
   MP:        It affects your magic capacity (+9).
   *Corrode:  It may corrode you when you take damage.
 M - the ring of Geinedigo (left hand) {rPois rN++ Str+3 Int+6}
   (You found it in the Dungeon)

   [ring of intelligence]

   Str:       It affects your strength (+3).
   Int:       It affects your intelligence (+6).
   rPois:     It protects you from poison.
   rN:        It greatly protects you from negative energy.
 N - a ring of flight
 R - the ring "Xiam" {EV+4 Str+2}
   (You found it in the Dungeon)

   [ring of evasion]

   EV:        It affects your evasion (+4).
   Str:       It affects your strength (+2).
 S - a ring of protection from fire
 W - the ring "Qaschum" {rC+ MP+9 AC+4}
   (You bought it in a shop in the Dungeon)

   [ring of protection]

   AC:        It affects your AC (+4).
   rC:        It protects you from cold.
   MP:        It affects your magic capacity (+9).
 X - the amulet "Iseiloyd" {rElec Regen+ Dex-5 Slay+2}
   (You took it off a mummy priest in the Dungeon)

   [amulet of regeneration]

   Dex:       It affects your dexterity (-5).
   Slay:      It affects your accuracy & damage with ranged weapons and melee
   (+2).
   rElec:     It insulates you from electricity.
   Regen:     It increases your rate of health regeneration.
Wands
 p - a wand of mindburst (55)
 Z - a wand of iceblast (10)
Scrolls
 k - a scroll of immolation
 o - a scroll of poison
 u - 2 scrolls of fog
 z - a scroll of torment
 E - 5 scrolls of enchant armour
 F - 12 scrolls of identify
 K - a scroll of summoning
 O - a scroll of silence
Potions
 c - 5 potions of curing
 f - 3 potions of magic
 g - 3 potions of berserk rage
 h - 2 potions of heal wounds
 j - 6 potions of mutation
 m - 2 potions of invisibility
 n - 7 potions of flight
 v - a potion of ambrosia
Miscellaneous
 s - a phantom mirror (inert)
 P - a condenser vane (inert)
 Q - a box of beasts
 T - the horn of Geryon (inert)
 V - a lightning rod (4/4)


   Skills:
 O Level 27 Fighting
 O Level 27 Short Blades
 * Level 2.3 Staves
 * Level 5.5 Throwing
 * Level 25.0 Armour
 O Level 27 Dodging
 O Level 27 Stealth
 * Level 19.4 Shields
 O Level 27 Evocations


You had 18 spell levels left.
You didn't know any spells.
Your spell library was empty.

Dungeon Overview and Level Annotations

Branches:
Dungeon (1/1)

Altars:
Cheibriados
Dithmenos
Elyvilon
Fedhas
Gozag
Hepliaklqana
Kikubaaqudgha
Makhleb
Nemelex Xobeh
Okawaru
Qazlal
Ru
Sif Muna
Trog
Uskayaw
Vehumet
Wu Jian
Xom
Yredelemnul
Zin
The Shining One
Jiyva
Lugonu

Shops:
D :[??=[([![!!=?[((((=:(!

Annotations:
D Dispater


Innate Abilities, Weirdness & Mutations

You are small and have problems with some larger weapons.
You are completely attuned to the shadows.


Message History

Your ogre's corpse disappears in a puff of smoke!
Unknown command.
Unknown command.
Okay, then.
Okay, then.
Okay, then.
Okay, then.
You produce a hideous howling noise!
The Hell Sentinel gestures at you.
The sphere of damnation explodes!
The damnation engulfs you!!!
* * * LOW HITPOINT WARNING * * *
The damnation engulfs your hell beast!! x2
Unknown command.
Unknown command.
Unknown command.
Unknown command.
Unknown command.
Unknown command.
Unknown command.
Okay, then.
You swap places.
Unknown command.
As you read the scroll of fog, it crumbles to dust.
The scroll dissolves into smoke.
Your hell beast bites Dispater!!
Your hell beast completely misses Dispater.
Your hell beast bites Dispater!
Your hell beast tramples Dispater but does no damage.
Dispater misses your hell beast.
Your hell beast bites Dispater!!
Your hell beast tramples Dispater but does no damage.
Unknown command.
Your hell beast bites Dispater!!
Your hell beast tramples Dispater but does no damage.
Your hell beast bites Dispater.
Your hell beast tramples Dispater!
Dispater holds their ground!
Dispater gestures at you.
The sphere of damnation explodes!
The damnation engulfs your hell beast!!!
The damnation engulfs your hell beast!! x2; The damnation engulfs Dispater.
Dispater completely resists.
The damnation engulfs you!!!
You die...

***,_,*** ▓≈≈≈≈≈≈≈≈≈
***** ▓≈≈≈......
▓≈≈..∩∩.∩. ▓▓▓▓▓▓▓▓▓▓
##############**********
#.'..#§§§.&.&#*≈,,,,,,,,
#.#..§2&####1#*≈≈,,,,,,*
#.####22#.1..#*≈≈≈≈,,,,≈
#.#.(##@#.1..#*,≈≈≈≈≈≈≈≈
#.#.[#§§#.&.)#*,≈≈≈≈≈≈≈≈
#.'..#§§#.))φ#*,,,≈≈≈≈≈≈
######''#*#****,,,,,≈≈,,
##.#.#..#.#.***,,,,,,,,,
#...........,**8,,,,,,,,
▓######)#############+###
▓............))))........
▓...............)........


You could see Dispater (ally target) and 3 friendly hell beasts.

Vanquished Creatures
  Ereshkigal (D)
  Gloorx Vloq (D)
  Tiamat (D)
  Mennas (D)
  Mara (D)
  Boris (D)
  3 royal mummies (D)
  Frederick (D)
  Sigmund (D)
  Geryon (D)
  Nikola (D)
  A bone dragon (D)
  2 Hell Sentinels (D)
  Rupert (D)
  A quicksilver dragon (D)
  A lich (D)
  4 deep elf blademasters (D)
  3 titans (D)
  A deep elf master archer (D)
  An Executioner (D)
  A kraken (D)
  2 shadow dragons (D)
  Chuck (D)
  An ancient champion (D)
  A storm dragon (D)
  2 sphinxes (D)
  Gastronok (D)
  A nagaraja (D)
  4 azure jellies (D)
  Roxanne (D)
  A fire giant (D)
  A frost giant (D)
  An iron dragon (D)
  A ghost moth (D)
  2 stone giants (D)
  A war gargoyle (D)
  Nessos (D)
  7 vampire knights (D)
  A deep elf demonologist (D)
  2 deep elf annihilators (D)
  Azrael (D)
  2 dire elephants (D)
  A yellow draconian (D)
  A deep elf death mage (D)
  An iron golem (D)
  3 yaktaur captains (D)
  A fire dragon (D)
  13 mummy priests (D)
  Josephine (D)
  10 vault guards (D)
  2 hell beasts (D)
  2 hydras (D)
  5 anacondas (D)
  3 centaur warriors (D)
  An ogre mage (D)
  A radroach (shapeshifter) (D)
  A naga warrior (D)
  4 dancing weapons (D)
  2 iron elementals (D)
  Urug (D)
  4 death yaks (D)
  2 sun demons (D)
  A deep elf knight (D)
  A shadow wraith (D)
  2 soul eaters (D)
  A golden dragon zombie (D)
  4 skeletal warriors (D)
  An anaconda zombie (D)
  A glowing orange brain (D)
  2 obsidian statues (D)
  A death drake (D)
  A spriggan druid (D)
  3 deep elf pyromancers (D)
  3 deep elf zephyrmancers (D)
  3 orc knights (D)
  A lindwurm (D)
  A mana viper (shapeshifter) (D)
  An orange crystal statue (D)
  2 oklob plants (D)
  4 crystal guardians (D)
  A shining eye (D)
  2 ugly things (D)
  2 elephants (D)
  A manticore (shapeshifter) (D)
  3 rust devils (D)
  A molten gargoyle (D)
  7 black mambas (D)
  A guardian serpent (D)
  8 statues (D)
  3 stone giant skeletons (D)
  A water nymph (shapeshifter) (D)
  A rime drake (D)
  Edmund (D)
  2 cane toads (D)
  A komodo dragon (D)
  An unseen horror (D)
  21 guardian mummies (D)
  2 ice devils (D)
  3 wandering mushrooms (D)
  10 yaktaurs (D)
  2 tyrant leeches (D)
  A queen bee (D)
  4 spriggan defenders (D)
  3 hornets (D)
  An orc high priest (D)
  9 slime creatures (D)
  8 blink frogs (D)
  5 snapping turtles (D)
  2 spriggans (D)
  10 shadows (D)
  A golden eye (D)
  3 redbacks (D)
  3 iron troll simulacra (D)
  A spatial vortex (D)
  2 nagas (D)
  3 water moccasins (D)
  2 floating eyes (D)
  2 hydra simulacra (D)
  A swamp drake (D)
  A floating eye (shapeshifter) (D)
  2 orc warriors (D)
  2 centaurs (D)
  A black mamba simulacrum (D)
  An earth elemental (D)
  A necrophage (D)
  A water elemental (D)
  32 killer bees (D)
  2 electric eels (D)
  7 quasits (D)
  3 orc priests (D)
  A jelly (D)
  A wizard (D)
  2 necromancers (D)
  An orc wizard (D)
  A wolf simulacrum (D)
  3 humans (D)
  A kobold demonologist (D)
  A wolf (D)
  8 adders (D)
  An orc (D)
  3 bat zombies (D)
  2 endoplasms (D)
  A ball python simulacrum (D)
  A ball python zombie (D)
  A quokka simulacrum (D)
  A quokka zombie (D)
  2 rats (D)
  6 butterflies (D)
  3 plants (D)
  2 tentacles (D)
386 creatures vanquished.

Vanquished Creatures (collateral kills)
  2 royal mummies (D)
  A golden dragon (D)
  An iron giant (D)
  A Hell Sentinel (D)
  A deep elf blademaster (D)
  A fire giant (D)
  2 ghost moths (D)
  3 war gargoyles (D)
  2 mummy priests (D)
  7 vault guards (D)
  A jorogumo (shapeshifter) (D)
  A skeletal warrior (D)
  A yaktaur (shapeshifter) (D)
  4 yaktaurs (D)
  6 guardian mummies (D)
  A slime creature (D)
  A snapping turtle (D)
  A shadow (D)
  An orc warrior (D)
  5 quasits (D)
  2 orc priests (D)
  2 orc wizards (D)
  9 orcs (D)
  A tentacle (D)
57 creatures vanquished.

Vanquished Creatures (others)
  A deep elf demonologist (D)
  A deep elf high priest (D)
  An electric eel (D)
  3 ball lightnings (D)
  5 ballistomycete spores (D)
  A bush (D)
  25 plants (D)
  6 tentacles (D)
43 creatures vanquished.

Grand Total: 486 creatures vanquished

Notes
Turn   | Place    | Note
-------+----------+-------------------------------------------
     0 | D        | mhtbhm the Kobold Berserker began the quest for the Orb.
     0 | D        | Reached XP level 1. HP: 14/14 MP: 1/1
    16 | D        | Reached ** piety under Trog
    71 | D        | Reached skill level 1 in Stealth
    71 | D        | Reached XP level 2. HP: 14/20 MP: 2/2
    71 | D        | Reached XP level 3. HP: 18/25 MP: 3/3
   227 | D        | Reached skill level 5 in Fighting
   259 | D        | Noticed a water elemental
   265 | D        | Killed a water elemental
   266 | D        | Reached XP level 4. HP: 32/32 MP: 4/4
   310 | D        | Found a shadowy altar of Dithmenos.
   310 | D        | Noticed a necrophage
   311 | D        | Found a basalt altar of Yredelemnul.
   311 | D        | Found a sacrificial altar of Ru.
   311 | D        | Noticed a necromancer
   315 | D        | Killed a necromancer
   315 | D        | Reached *** piety under Trog
   316 | D        | Reached XP level 5. HP: 38/38 MP: 5/5
   322 | D        | Reached skill level 5 in Dodging
   383 | D        | Found a glowing silver altar of Zin.
   384 | D        | Found a glowing golden altar of the Shining One.
   384 | D        | Found a white marble altar of Elyvilon.
   384 | D        | Noticed a deep elf pyromancer
   386 | D        | Killed a deep elf pyromancer
   386 | D        | Reached **** piety under Trog
   387 | D        | Reached skill level 10 in Fighting
   387 | D        | Reached XP level 6. HP: 48/48 MP: 6/6
   387 | D        | Reached XP level 7. HP: 53/53 MP: 7/7
   396 | D        | Found a hide-covered altar of Uskayaw.
   396 | D        | Found an iron altar of Okawaru.
   397 | D        | Found a bloodstained altar of Trog.
   397 | D        | Found an ornate altar of the Wu Jian Council.
   397 | D        | Noticed a human
   397 | D        | Noticed a human
   399 | D        | Killed a human
   400 | D        | Reached XP level 8. HP: 59/59 MP: 8/8
   400 | D        | Killed a human
   431 | D        | Found a radiant altar of Vehumet.
   431 | D        | Found a shimmering blue altar of Sif Muna.
   431 | D        | Found an ancient bone altar of Kikubaaqudgha.
   436 | D        | Reached ***** piety under Trog
   460 | D        | Noticed a shadow
   470 | D        | Killed a shadow
   518 | D        | Found a blossoming altar of Fedhas.
   518 | D        | Found a stormy altar of Qazlal.
   518 | D        | Found a snail-covered altar of Cheibriados.
   518 | D        | Found a burning altar of Makhleb.
   518 | D        | Found a shimmering altar of Xom.
   519 | D        | Found a hazy altar of Hepliaklqana.
   519 | D        | Found an opulent altar of Gozag.
   519 | D        | Found a sparkling altar of Nemelex Xobeh.
   519 | D        | Found a corrupted altar of Lugonu.
   519 | D        | Found a viscous altar of Jiyva.
   576 | D        | Noticed Josephine
   590 | D        | Killed Josephine
   590 | D        | Received a gift from Trog
   591 | D        | Reached skill level 15 in Short Blades
   591 | D        | Reached XP level 9. HP: 67/67 MP: 9/9
   727 | D        | Noticed a centaur warrior
   744 | D        | Killed a centaur warrior
   745 | D        | Reached skill level 5 in Armour
  1066 | D        | Killed an unseen horror
  1067 | D        | Reached XP level 10. HP: 18/74 MP: 10/10
  1371 | D        | Reached skill level 10 in Dodging
  1415 | D        | Noticed a cane toad
  1415 | D        | Noticed a komodo dragon
  1415 | D        | Noticed a cane toad
  1430 | D        | Killed a cane toad
  1440 | D        | Killed a cane toad
  1454 | D        | Killed a komodo dragon
  1455 | D        | Reached skill level 15 in Fighting
  1455 | D        | Reached skill level 15 in Stealth
  1579 | D        | Noticed a rime drake
  1580 | D        | Killed a rime drake
  1580 | D        | Reached ****** piety under Trog
  1580 | D        | Received a gift from Trog
  1604 | D        | Noticed a lindwurm
  1614 | D        | Killed a lindwurm
  1615 | D        | Reached XP level 11. HP: 57/83 MP: 11/11
  1619 | D        | Received a gift from Trog
  1918 | D        | Noticed Urug
  1930 | D        | Killed Urug
  2155 | D        | Noticed Sigmund
  2155 | D        | Noticed Edmund
  2159 | D        | Killed Edmund
  2160 | D        | Killed Sigmund
  2201 | D        | Found Xixtoffo's Weapon Boutique.
  2210 | D        | Received a gift from Trog
  2219 | D        | Received a gift from Trog
  2386 | D        | Received a gift from Trog
  2459 | D        | Noticed an obsidian statue
  2473 | D        | Killed an obsidian statue
  2503 | D        | Noticed a crystal guardian
  2503 | D        | Noticed a crystal guardian
  2504 | D        | Killed a crystal guardian
  2506 | D        | Noticed a crystal guardian
  2507 | D        | Killed a crystal guardian
  2508 | D        | Reached XP level 12. HP: 92/92 MP: 12/12
  2509 | D        | Noticed a crystal guardian
  2510 | D        | Killed a crystal guardian
  2523 | D        | Killed a crystal guardian
  2523 | D        | Received a gift from Trog
  2524 | D        | Reached skill level 1 in Evocations
  2608 | D        | Found Oblo Wye's Weapon Emporium.
  2608 | D        | Found Boehan's Antique Weapon Shop.
  2608 | D        | Found Lairalai's Antique Weapon Boutique.
  2608 | D        | Found Lyrchikh's Distillery.
  2608 | D        | Found Ceasiph's Antique Weapon Boutique.
  2608 | D        | Found Zusmeeva's Antique Armour Shoppe.
  2608 | D        | Found Ywifeg's Weapon Shop.
  2609 | D        | Found Quol's Magic Scroll Shop.
  2609 | D        | Found Kycveiz's Book Emporium.
  2610 | D        | Found Maghus's Jewellery Emporium.
  2610 | D        | Found Peutapat's Jewellery Boutique.
  2650 | D        | Bought a brightly glowing leather armour for 140 gold
                  | pieces
  2650 | D        | Identified the +3 leather armour of Kikubaaqudgha, Flying
                  | {Dex+4 Slay+5} (You bought it in a shop in the Dungeon)
  2658 | D        | Bought a scroll of blinking for 82 gold pieces
  2658 | D        | Bought a scroll of fog for 22 gold pieces
  2658 | D        | Bought 2 scrolls of identify for 44 gold pieces
  2662 | D        | Bought the amulet "Caizeatz" {Acrobat rN+ Regen+} for 535
                  | gold pieces
  2665 | D        | Bought a potion of heal wounds for 60 gold pieces
  2665 | D        | Bought a potion of curing for 36 gold pieces
  2665 | D        | Bought a potion of heal wounds for 60 gold pieces
  2665 | D        | Bought a potion of invisibility for 96 gold pieces
  2665 | D        | Bought a potion of might for 48 gold pieces
  2665 | D        | Bought a potion of berserk rage for 60 gold pieces
  2665 | D        | Bought a potion of mutation for 96 gold pieces
  2836 | D        | Noticed Rupert
  2840 | D        | Killed Rupert
  2849 | D        | Noticed a death yak
  2850 | D        | Noticed a death yak
  2853 | D        | Killed a death yak
  2854 | D        | Noticed a death yak
  2854 | D        | Noticed a death yak
  2855 | D        | Killed a death yak
  2855 | D        | Received a gift from Trog
  2867 | D        | Killed a death yak
  2949 | D        | Killed a death yak
  2951 | D        | Identified the +10 dagger of Demand {vorpal, Will+} (Trog
                  | gifted it to you in the Dungeon)
  2951 | D        | Received a gift from Trog
  2979 | D        | Noticed a kraken
  2993 | D        | Killed a kraken
  3063 | D        | Reached XP level 13. HP: 51/100 MP: 13/13
  3064 | D        | Received a gift from Trog
  3147 | D        | Reached skill level 1 in Throwing
  3276 | D        | Found Imeronlegi's Magic Scroll Shop.
  3277 | D        | Found Efru's Antique Armour Boutique.
  3278 | D        | Found Lushrahotu's Book Shoppe.
  3283 | D        | Got a barnacled rune of Zot
  3291 | D        | Bought a glimmering cloak for 228 gold pieces
  3291 | D        | Identified the +2 cloak of Vuom {Rampage Fly Int-5} (You
                  | bought it in a shop in the Dungeon)
  3298 | D        | Bought a scroll of acquirement for 728 gold pieces
  3298 | D        | Bought a scroll of fog for 28 gold pieces
  3298 | D        | Bought a scroll of identify for 28 gold pieces
  3298 | D        | Bought a scroll of magic mapping for 49 gold pieces
  3301 | D        | Acquired a +0 pair of gloves of stealth
  3362 | D        | Noticed a dire elephant
  3362 | D        | Noticed a dire elephant
  3362 | D        | Noticed Gastronok
  3377 | D        | Killed a dire elephant
  3388 | D        | Killed a dire elephant
  3408 | D        | Killed Gastronok
  3408 | D        | Received a gift from Trog
  3484 | D        | Noticed a yaktaur captain
  3486 | D        | Killed a yaktaur captain
  3487 | D        | Reached skill level 15 in Dodging
  3515 | D        | Noticed Azrael
  3517 | D        | Killed Azrael
  3578 | D        | Received a gift from Trog
  3620 | D        | Noticed a radroach
  3623 | D        | Killed a radroach
  3631 | D        | Noticed a centaur warrior
  3635 | D        | Killed a centaur warrior
  3641 | D        | Identified the +8 dagger of Cuakhliqo {vorpal, *Slow rC++
                  | rCorr Str+4} (Trog gifted it to you in the Dungeon)
  3641 | D        | Received a gift from Trog
  3649 | D        | Noticed a centaur warrior
  3653 | D        | Killed a centaur warrior
  3667 | D        | Noticed a fire dragon
  3670 | D        | Killed a fire dragon
  3704 | D        | Received a gift from Trog
  3710 | D        | Identified the +8 rapier of the Thirsty Persimmons {drain,
                  | rPois Str+3}
  3747 | D        | Acquired the ring "Heneollu" {rPois Str+6 Dex+4}
  3752 | D        | Acquired a manual of Dodging
  3778 | D        | Noticed a yaktaur captain
  3787 | D        | Reached skill level 27 in Stealth
  3869 | D        | Noticed a vampire knight
  3871 | D        | Killed a vampire knight
  3872 | D        | Reached XP level 14. HP: 110/110 MP: 14/14
  3877 | D        | Noticed a vampire knight
  3879 | D        | Killed a vampire knight
  3879 | D        | Received a gift from Trog
  3907 | D        | Noticed a vampire knight
  3908 | D        | Killed a vampire knight
  3913 | D        | Noticed a vampire knight
  3915 | D        | Killed a vampire knight
  3924 | D        | Received a gift from Trog
  3933 | D        | Noticed a vampire knight
  3934 | D        | Killed a vampire knight
  4030 | D        | Noticed a bone dragon
  4031 | D        | Killed a bone dragon
  4060 | D        | Noticed a sphinx
  4060 | D        | Noticed a sphinx
  4063 | D        | Killed a sphinx
  4063 | D        | Received a gift from Trog
  4064 | D        | Killed a sphinx
  4068 | D        | Identified the +3 dagger "Utaathyi" {vorpal, Fragile Dex+4
                  | Stlth+} (Trog gifted it to you in the Dungeon)
  4068 | D        | Received a gift from Trog
  4132 | D        | Received a gift from Trog
  4474 | D        | Noticed Chuck
  4476 | D        | Killed Chuck
  4487 | D        | Identified the ring "Xiam" {EV+4 Str+2}
  4524 | D        | Noticed Frederick
  4526 | D        | Killed Frederick
  4526 | D        | Received a gift from Trog
  4527 | D        | Reached XP level 15. HP: 120/120 MP: 15/15
  4548 | D        | Noticed a lich
  4550 | D        | Killed a lich
  4562 | D        | Noticed a shadow dragon
  4562 | D        | Noticed a shadow dragon
  4608 | D        | Killed a shadow dragon
  4609 | D        | Reached skill level 5 in Evocations
  4766 | D        | Killed a shadow dragon
  4766 | D        | Received a gift from Trog
  4921 | D        | Identified the +8 rapier of Exhibitionism {vorpal, rElec
                  | rF+ rN+ rCorr} (Trog gifted it to you in the Dungeon)
  4921 | D        | Received a gift from Trog
  4951 | D        | Received a gift from Trog
  4982 | D        | Received a gift from Trog
  5124 | D        | Reached skill level 27 in Short Blades
  5145 | D        | Received a gift from Trog
  5178 | D        | Received a gift from Trog
  5205 | D        | Received a gift from Trog
  5233 | D        | Noticed a nagaraja
  5234 | D        | Found Dokunan's Magic Scroll Shop.
  5234 | D        | Found Konoklis's Jewellery Shoppe.
  5234 | D        | Found Raluleex's Antique Armour Boutique.
  5244 | D        | Killed a nagaraja
  5266 | D        | Bought a scroll of enchant armour for 90 gold pieces
  5266 | D        | Bought a scroll of fog for 24 gold pieces
  5266 | D        | Bought a scroll of identify for 24 gold pieces
  5268 | D        | Bought a ring of see invisible for 150 gold pieces
  5275 | D        | Bought the +3 pair of mountain boots {steadfast, rC+} for
                  | 1105 gold pieces
  5275 | D        | Found the +3 pair of mountain boots {steadfast, rC+}
  5280 | D        | Bought a translucent chain mail for 313 gold pieces
  5280 | D        | Identified the +0 chain mail of the Sun {rN+ MP+9} (You
                  | bought it in a shop in the Dungeon)
  5403 | D        | Found a blossoming altar of Fedhas.
  5406 | D        | Received a gift from Trog
  5560 | D        | Noticed an azure jelly
  5560 | D        | Noticed an azure jelly
  5561 | D        | Noticed an azure jelly
  5561 | D        | Noticed an azure jelly
  5571 | D        | Killed an azure jelly
  5576 | D        | Killed an azure jelly
  5582 | D        | Killed an azure jelly
  5582 | D        | Identified the +6 rapier of Dissolution {flame, *Slow rCorr
                  | Str+4 Dex+7} (Trog gifted it to you in the Dungeon)
  5582 | D        | Received a gift from Trog
  5586 | D        | Killed an azure jelly
  5754 | D        | Reached skill level 27 in Fighting
  5761 | D        | Received a gift from Trog
  5839 | D        | Identified the ring of Ahyaroapn {Fly rPois rF- rN++ rCorr}
  5851 | D        | Noticed a deep elf master archer
  5858 | D        | Killed a deep elf master archer
  5864 | D        | Reached XP level 16. HP: 64/133 MP: 16/16
  5869 | D        | Received a gift from Trog
  5983 | D        | Identified the ring of Tapp {*Corrode rPois rC+ MP+9 Int+3}
  5983 | D        | Identified the ring of Geinedigo {rPois rN++ Str+3 Int+6}
  6267 | D        | Received a gift from Trog
  6525 | D        | Found Uddiprus's Distillery.
  6525 | D        | Found Qaucw's Armour Shop.
  6525 | D        | Found Unaq's Distillery.
  6526 | D        | Found Meickaaph's Distillery.
  6526 | D        | Received a gift from Trog
  6527 | D        | Reached skill level 27 in Dodging
  6532 | D        | Bought a potion of heal wounds for 70 gold pieces
  6532 | D        | Bought a potion of haste for 140 gold pieces
  6532 | D        | Bought a potion of might for 56 gold pieces
  6559 | D        | Reached skill level 10 in Armour
  6563 | D        | Noticed Boris
  6566 | D        | Killed Boris
  6566 | D        | Received a gift from Trog
  6630 | D        | Noticed Roxanne
  6641 | D        | Killed Roxanne
  6717 | D        | Received a gift from Trog
  6760 | D        | Received a gift from Trog
  6806 | D        | Found Kiedyur's Armour Boutique.
  6854 | D        | Noticed Nikola
  6854 | D        | Noticed a storm dragon
  6865 | D        | Killed a storm dragon
  6876 | D        | Killed Nikola
  6876 | D        | Received a gift from Trog
  6877 | D        | Reached skill level 10 in Evocations
  6959 | D        | Reached skill level 15 in Armour
  6983 | D        | Noticed Mara
  6984 | D        | Killed Mara
  6984 | D        | Received a gift from Trog
  7002 | D        | Noticed an ancient champion
  7003 | D        | Killed an ancient champion
  7102 | D        | Noticed Geryon
  7113 | D        | Received a gift from Trog
  7153 | D        | Killed Geryon
  7153 | D        | Received a gift from Trog
  7154 | D        | Reached XP level 17. HP: 139/139 MP: 17/17
  7208 | D        | Noticed an iron giant
  7238 | D        | Killed an iron giant
  7238 | D        | Received a gift from Trog
  7373 | D        | Noticed a Hell Sentinel
  7376 | D        | Killed a Hell Sentinel
  7380 | D        | Identified the +0 cloak "Kydoc" {rPois rN+ Int+3 Slay+3}
  7462 | D        | Received a gift from Trog
  7541 | D        | Noticed an Executioner
  7543 | D        | Killed an Executioner
  7578 | D        | Noticed Nessos
  7582 | D        | Reached skill level 15 in Evocations
  7582 | D        | Killed Nessos
  7582 | D        | Received a gift from Trog
  7610 | D        | Received a gift from Trog
  7806 | D        | Noticed a deep elf blademaster
  7806 | D        | Noticed a deep elf blademaster
  7806 | D        | Noticed a deep elf blademaster
  7807 | D        | Noticed a deep elf blademaster
  7812 | D        | Found the +4 dragonskin cloak
  7813 | D        | Noticed Tiamat
  7814 | D        | Noticed a deep elf blademaster
  7816 | D        | Killed a deep elf blademaster
  7817 | D        | Killed a deep elf blademaster
  7818 | D        | Killed a deep elf blademaster
  7827 | D        | Killed a deep elf blademaster
  7832 | D        | Killed a deep elf blademaster
  7835 | D        | Killed Tiamat
  8305 | D        | Identified the amulet "Iseiloyd" {rElec Regen+ Dex-5
                  | Slay+2}
  8321 | D        | Noticed a royal mummy
  8329 | D        | Killed a royal mummy
  8329 | D        | Received a gift from Trog
  8359 | D        | Noticed a royal mummy
  8367 | D        | Killed a royal mummy
  8378 | D        | Received a gift from Trog
  8385 | D        | Found the +3 pair of seven-league boots {Rampage+∞}
  8392 | D        | Reached XP level 18. HP: 46/145 MP: 18/18
  8425 | D        | Identified the +8 arbalest of Cuasonan {flame, Dex+3}
  8432 | D        | Got a golden rune of Zot
  8604 | D        | Noticed a titan
  8604 | D        | Noticed a golden dragon
  8604 | D        | Noticed a titan
  8617 | D        | Acquired 382 gold pieces
  8622 | D        | Killed a golden dragon
  8645 | D        | Received a gift from Trog
  8666 | D        | Killed a titan
  8667 | D        | Noticed a quicksilver dragon
  8674 | D        | Killed a titan
  8674 | D        | Identified the +8 short sword of Woe {vorpal, rC+ rN+++
                  | Will+ Int-5} (Trog gifted it to you in the Dungeon)
  8674 | D        | Received a gift from Trog
  8679 | D        | Noticed a titan
  8695 | D        | Killed a quicksilver dragon
  8711 | D        | Reached skill level 27 in Evocations
  8749 | D        | Killed a titan
  8749 | D        | Received a gift from Trog
  8836 | D        | Got a silver rune of Zot
  8838 | D        | Identified the +6 chain mail "Moixon" {rElec rF+++ Int-2
                  | Slay-5}
  8979 | D        | Acquired 1112 gold pieces
  8985 | D        | Acquired 822 gold pieces
  8989 | D        | Acquired a manual of Throwing
  8993 | D        | Acquired the +7 lajatang of Order {silver, rMut}
  8993 | D        | Found the +7 lajatang of Order {silver, rMut}
  8995 | D        | Acquired 473 gold pieces
  9057 | D        | Bought the ring "Qaschum" {rC+ MP+9 AC+4} for 826 gold
                  | pieces
  9122 | D        | Bought a potion of heal wounds for 55 gold pieces
  9122 | D        | Bought a potion of resistance for 110 gold pieces
  9122 | D        | Bought a potion of mutation for 88 gold pieces
  9148 | D        | Noticed Mennas
  9183 | D        | Killed Mennas
  9268 | D        | Received a gift from Trog
  9269 | D        | Reached skill level 10 in Shields
  9435 | D        | Bought a scroll of summoning for 114 gold pieces
  9453 | D        | Got a serpentine rune of Zot
  9579 | D        | Bought a scroll of silence for 105 gold pieces
  9818 | D        | Received a gift from Trog
  9841 | D        | Noticed a royal mummy
  9843 | D        | Killed a royal mummy
  9887 | D        | Noticed Gloorx Vloq
  9892 | D        | Noticed an Executioner
  9892 | D        | Noticed an Executioner
  9892 | D        | Noticed an Executioner
  9892 | D        | Noticed an Executioner
  9910 | D        | Killed Gloorx Vloq
  9919 | D        | Identified the +12 dagger "Zeneredu" {vorpal, rPois rF+++
                  | Will- Stlth-} (Trog gifted it to you in the Dungeon)
  9919 | D        | Received a gift from Trog
 10178 | D        | Received a gift from Trog
 10183 | D        | Reached skill level 15 in Shields
 10195 | D        | Received a gift from Trog
 10198 | D        | Identified the amulet "Xicycvan" {Acrobat Contam rPois
                  | Will+ Slay+3}
 10198 | D        | Noticed a royal mummy
 10202 | D        | Noticed Ereshkigal
 10205 | D        | Noticed a Tzitzimitl
 10206 | D        | Noticed a Tzitzimitl
 10232 | D        | Killed Ereshkigal
 10233 | D        | Reached XP level 19. HP: 50/151 MP: 5/19
 10244 | D        | Killed a royal mummy
 10244 | D        | Received a gift from Trog
 10295 | D        | Noticed a royal mummy
 10350 | D        | Killed a royal mummy
 10359 | D        | Received a gift from Trog
 10364 | D        | Got a bone rune of Zot
 10467 | D        | Noticed a Hell Sentinel
 10468 | D        | Noticed a Hell Sentinel
 10468 | D        | Found the +4 staff of Dispater
 10468 | D        | Noticed Dispater
 10504 | D        | Killed a Hell Sentinel
 10505 | D        | Reached skill level 1 in Staves
 10505 | D        | Reached skill level 5 in Throwing
 10525 | D        | Noticed a Hell Sentinel
 10537 | D        | Killed a Hell Sentinel
 10545 | D        | Killed from afar by Dispater

Illustrated notes

Levels and vault maps discovered:
D:        dungeon_sprint_mu [sprint_mu_entry_forest, sprint_mu_temple_rooms,
          sprint_mu_d1_horrors, sprint_mu_d2_genie, sprint_mu_d3_branching,
          sprint_mu_orc_legion, sprint_mu_elf_gauntlet, sprint_mu_hive_nellie,
          sprint_mu_lair_fedhas, sprint_mu_vaults_butterflies,
          sprint_mu_slime_circle, sprint_mu_shoals_kraken,
          sprint_mu_snake_twists, sprint_mu_blade_basic,
          sprint_mu_crypt_chambers, sprint_mu_tomb_spiral,
          sprint_mu_vestibule_basic, sprint_mu_gehenna_hellfire,
          sprint_mu_dis_giant, sprint_mu_tartarus_statrot,
          sprint_mu_cocytus_islands, sprint_mu_zot1]

Skill      XL: |  1  2  3  4  5  6  7  8  9 10 11 12 13 14 15 16 17 18 19 |
---------------+----------------------------------------------------------+-----
Fighting       | 4 6 7 10 12 13 15 18 19 21 23 27 | 27.0
Short Blades   | 6 8 12 13 15 16 17 19 21 22 25 27 | 27.0
Armour         | 2 4 5 6 8 18 22 24 25 | 25.0
Dodging        | 3 4 6 7 8 9 11 12 14 16 20 25 27 | 27.0
Stealth        | 1 3 7 8 11 13 16 19 23 27 | 27.0
Evocations     | 2 3 4 6 12 22 27 | 27.0
Throwing       | 3 4 5 |  5.5
Shields        | 17 19 | 19.4
Staves         | 2 |  2.3

Action                   |  1- 3 |  4- 6 |  7- 9 | 10-12 | 13-15 | 16-18 | 19-21 || total
-------------------------+-------+-------+-------+-------+-------+-------+-------++-------
Melee: Short sword       |    22 |     8 |    34 |       |       |       |       ||    64
       Rapier            |       |       |    40 |    94 |       |       |       ||   134
       Punch             |       |       |     2 |     2 |     9 |    13 |       ||    26
       Quick blade       |       |       |       |   142 |   472 |   602 |    85 ||  1301
Throw: Dart              |       |       |       |     3 |       |       |       ||     3
Invok: Berserk           |     2 |     1 |     6 |     9 |     5 |    12 |     1 ||    36
       Brothers in Arms  |       |       |       |     1 |       |    13 |     4 ||    18
       Trog's Hand       |       |       |       |       |       |     5 |     2 ||     7
Evoke: Phantom mirror    |       |       |       |     3 |     1 |     6 |     2 ||    12
       Condenser vane    |       |       |       |       |       |    10 |     3 ||    13
       Horn of Geryon    |       |       |       |       |       |     5 |     1 ||     6
       Lightning rod     |       |       |       |       |       |     4 |       ||     4
  Use: Scroll            |       |       |       |     3 |     8 |     9 |     1 ||    21
       Potion            |       |       |       |     1 |       |    15 |     5 ||    21
 Stab: Sleeping          |     3 |     1 |     5 |    21 |    82 |    52 |       ||   164
       Distracted        |       |       |       |       |     5 |     8 |     1 ||    14
Armor: Robe              |       |       |     6 |     1 |       |       |       ||     7
       Leather armour    |       |       |       |     4 |    23 |    66 |     2 ||    95
       Chain mail        |       |       |       |       |       |       |    11 ||    11
Dodge: Dodged            |    10 |     4 |    45 |   112 |   206 |   493 |    39 ||   909
Block: Kite shield       |       |       |       |       |       |   210 |    61 ||   271

Table legend: (Time is in decaauts)
 A = Elapsed time spent in this place.
 B = Non-inter-level travel time spent in this place.
 C = Inter-level travel time spent in this place.
 D = Time resting spent in this place.
 E = Time spent auto-exploring this place.
 F = Levels seen in this place.
 G = Mean time per level.
                   A        B        C        D        E       F      G
               +--------+--------+--------+--------+--------+-----+--------+
         Total |   9974 |   9322 |    652 |   4373 |     30 |   1 | 9974.0 |
       Dungeon |   9974 |   9322 |    652 |   4373 |     30 |   1 | 9974.0 |
               +--------+--------+--------+--------+--------+-----+--------+

Top non-repeatable levels by time:
       D: 9974 daAuts
